 Dungeon Crawl Stone Soup version 0.28.0-53-g5a82cb258f (webtiles) character file.

Game seed: 17742314059339997865

51 fingers the Skirmisher (level 3, -14/29 HPs)
             Began as a Demonspawn Chaos Knight on May 25, 2022.
             Was a Plaything of Xom.
             Killed by an exploding adder (19 damage)
             ... ignited by their inner flame
             ... on level 3 of the Dungeon.
             The game lasted 00:07:07 (1999 turns).

fingers the Skirmisher (Demonspawn Chaos Knight)    Turns: 1999, Time: 00:07:09

Health: -14/29     AC:  5    Str: 14    XL:     3   Next: 57%
Magic:  3/3        EV: 11    Int: 13    God:    Xom [..*...]
Gold:   84         SH:  0    Dex: 18    Spells: 2/2 levels left

rFire   . . .      SeeInvis .   a - +0 mace (chaos)
rCold   . . .      Faith    .   (no shield)
rNeg    . . .      Spirit   .   b - +2 leather armour
rPois   .          Reflect  .   (helmet restricted)
rElec   .          Harm     .   (no cloak)
rCorr   +          Rampage  .   (no gloves)
Will    .....                   (no boots)
Stlth   +.........              (no amulet)
HPRegen 0.09/turn               d - +6 ring of dexterity
MPRegen 0.08/turn               g - ring of resist corrosion

@: lethally poisoned (-14 -> -17)
A: horns 1
a: Renounce Religion


You were on level 3 of the Dungeon.
You worshipped Xom.
You were a toy of Xom.
You visited 1 branch of the dungeon, and saw 3 of its levels.

You collected 84 gold pieces.

Inventory:

Hand Weapons
 a - a +0 mace of chaos (weapon)
Missiles
 i - 6 boomerangs (quivered)
Armour
 b - a +2 leather armour (worn)
 p - a +0 helmet
Magical Staves
 k - a staff of fire
Jewellery
 d - a +6 ring of dexterity (left hand)
 g - a ring of resist corrosion (right hand)
Scrolls
 h - a scroll of summoning
 j - a scroll of identify {unknown}
 l - a scroll of silence {unknown}
Potions
 c - a potion of attraction {unknown}
 e - a potion of degeneration {unknown}
 m - 2 potions of berserk rage {unknown}
 n - a potion of curing {unknown}
 o - 2 potions of invisibility {unknown}


   Skills:
 + Level 3.6 Fighting
 + Level 3.2 Maces & Flails
 + Level 0.1 Throwing
 + Level 2.1 Armour
 + Level 1.2 Dodging
 + Level 0.2 Stealth


You had 2 spell levels left.
You didn't know any spells.
Your spell library contained the following spells:

 Spells                   Type           Power      Damage    Failure   Level
 Freeze                   Ice            0%         1d3       36%         1
 Frozen Ramparts          Ice            0%         1d2       75%         3
 Gell's Gravitas          Tloc           0%         N/A       75%         3
 Teleport Other           Tloc           0%         N/A       75%         3
 Hailstorm                Conj/Ice       0%         3d3       98%         4
 Dispersal                Tloc           0%         N/A       100%        6


Dungeon Overview and Level Annotations

Branches:
Dungeon (3/15)

Altars:
Xom


Innate Abilities, Weirdness & Mutations

You have a pair of small horns on your head.


Message History

The goblin shouts!
The bat hits you but does no damage. The adder bites you but does no damage.
A goblin comes into view. It is wielding a +0 club.
The bat closely misses you. The adder bites you but does no damage.
The bat barely misses you. The adder misses you.
A hobgoblin comes into view.
The goblin moves out of view.
Read: scroll of immolation
Press: ? - help, Q - select action, (/) - cycle Dir - look around, f - activate Look: a hobgoblin (susceptible)
As you read the scroll of immolation, it crumbles to dust.
The creatures around you are filled with an inner flame!
The adder bites you but does no damage. The hobgoblin hits you.
The bat closely misses you. The adder completely misses you.
The goblin hits you with a +0 dagger. The goblin closely misses you.
The adder bites you.
You are poisoned.
The adder poisons you!
You feel sick. The bat barely misses you.
The adder bites you but does no damage.
You closely miss the goblin.
The goblin shouts!
Flame seeps out of the goblin.
You headbutt the goblin.
The goblin is heavily wounded.
You feel sick.
You hear a shout! x2
The bat hits you.
The goblin is engulfed in blazing flames.
The goblin explodes!
The fiery explosion engulfs the goblin!!
The fiery explosion engulfs the adder!!
The fiery explosion engulfs the goblin!!
The fiery explosion engulfs you!
* * * LOW HITPOINT WARNING * * *
The fiery explosion engulfs the hobgoblin!!!
The hobgoblin explodes!
The goblin explodes!
The adder explodes!
The fiery explosion engulfs you!!
Ouch! That really hurt!
You die...
Xom bursts into laughter!

#.#.........
#.#........#
#.g........#
#..........#
#...........
#.§§§§......
#.§§§§.<....
###○§§b.....
#§@§##.###.
#.#### #>.#.# #
##..... #...##
<..... ###.#
#...## #.# ###.##
#.# #..... #.#
#..... #.# #.....
#.##########.....


You could see a goblin and a bat (inner flame).

Vanquished Creatures
  2 adders
  3 dart slugs
  4 endoplasms (D:2)
  A giant cockroach (D:1)
  6 goblins
  3 hobgoblins
  2 jackals (D:1)
  2 quokkas (D:2)
  6 ball pythons
  2 bats
  2 frilled lizards
  3 kobolds
  2 rats
38 creatures vanquished.

Notes
Turn   | Place    | Note
-------+----------+-------------------------------------------
     0 | D:1      | fingers the Demonspawn Chaos Knight began the quest for the
                  | Orb.
     0 | D:1      | Reached XP level 1. HP: 18/18 MP: 1/1
   268 | D:1      | XOM: silly message
   302 | D:1      | Gained mutation: You have a pair of small horns on your
                  | head. [demonic ancestry]
   302 | D:1      | Reached XP level 2. HP: 23/24 MP: 2/2
   470 | D:1      | Found a faded altar of an unknown god.
   703 | D:1      | Reached skill level 1 in Dodging
  1095 | D:2      | Found a shimmering altar of Xom.
  1292 | D:2      | Reached XP level 3. HP: 28/29 MP: 3/3
  1580 | D:2      | XOM: cast spell 'Dispersal'
  1999 | D:3      | Killed by an exploding adder... ignited by their inner
                  | flame

Illustrated notes

Levels and vault maps discovered:
D:1:      dpeg_arrival_long_road, layout_basic,
          hellmonk_ecumenical_altar_blasted, minmay_pentomino_z2
D:2:      layout_rooms, basic_altar, kennysheep_generic_room_3
D:3:      layout_loops_ring, gup_sewer_entry_glass, minmay_crystal_room,
          uniq_robin

Skill      XL: |  1  2 |
---------------+-------+-----
Maces & Flails | 3 |  3.2
Dodging        | 1 |  1.2
Armour         | 2 |  2.1
Fighting       | |  3.6
Throwing       | |  0.1
Stealth        | |  0.2

Action                   || total
-------------------------++-------
Melee: Mace              ||    57
       Punch             ||     1
       Headbutt          ||     6
Throw: Boomerang         ||    11
  Use: Scroll            ||     2
 Stab: Sleeping          ||     1
Armor: Leather armour    ||    35
Dodge: Dodged            ||    54
